 Dungeon Crawl Stone Soup version 0.30.1-4-g462c640d31 (webtiles) character file.

Game seed: 13670434144757310902

2828 dergon the Grappler (level 9, -1/68 HPs)
             Began as a Purple Draconian Transmuter on Sept 7, 2023.
             Was a Believer of Uskayaw.
             Slain by a warg (3 damage)
             ... on level 8 of the Dungeon.
             The game lasted 01:05:54 (8006 turns).

dergon the Grappler (Purple Draconian Transmuter)   Turns: 8006, Time: 01:05:54

Health: -1/68      AC:  7    Str: 23    XL:     9   Next: 45%
Magic:  18/18      EV: 13    Int: 14    God:    Uskayaw [**....]
Gold:   457        SH:  0    Dex: 11    Spells: 10/20 levels left

rFire   + .          .
                       - Unarmed
rCold   . . .        y - orb of the Untouchables {*Rage, rF+}
rNeg    . . .        (body armour unavailable)
rPois   .            (helmet restricted)
rElec   .            (no cloak)
rCorr   .            (no gloves)
SInv    .            (no boots)
Will    +....        o - amulet of magic regeneration
Stlth   ++           l - +6 ring of strength
HPRegen 0.31/turn    (no ring)
MPRegen 0.56/turn

%: random rage (20%)
@: hasted, very quick
A: breathe power, AC +7, unfitting armour, cold-blooded
a: Breathe Dispelling Energy, Renounce Religion, Stomp, Line Pass


You were on level 8 of the Dungeon.
You worshipped Uskayaw.
Uskayaw was noncommittal.
You visited 2 branches of the dungeon, and saw 9 of its levels.
You also visited: Sewer.

You collected 457 gold pieces.

Inventory:

Hand Weapons
 b - a +0 dagger
 d - a +0 dagger
 f - a +0 whip
Armour
 g - a +0 leather armour
 y - the orb of the Untouchables (worn) {*Rage, rF+}
   (You found it on level 5 of the Dungeon)

   rF:        It protects you from fire.
Jewellery
 l - a +6 ring of strength (left hand)
 o - an amulet of magic regeneration (around neck)
 w - an amulet of the acrobat
Wands
 j - a wand of paralysis (24)
 v - a wand of roots (7)
 B - a wand of mindburst (23)
Scrolls
 c - 5 scrolls of immolation
 e - 3 scrolls of vulnerability
 i - a scroll of magic mapping {unknown}
 t - 2 scrolls of butterflies {unknown}
 u - 3 scrolls of fog {unknown}
 x - 2 scrolls of poison {unknown}
 z - a scroll of identify
 C - 2 scrolls of teleportation {unknown}
Potions
 a - 7 potions of lignification
 h - a potion of might {unknown}
 k - a potion of cancellation
 m - a potion of ambrosia {unknown}
 n - 2 potions of resistance
 p - a potion of berserk rage {unknown}
 q - 2 potions of brilliance
 r - 2 potions of attraction
 s - a potion of haste
 A - a potion of mutation {unknown}


   Skills:
 + Level 2.8 Fighting
 + Level 0.1 Maces & Flails
 + Level 5.1 Dodging
 + Level 2.6 Stealth
 + Level 9.0 Unarmed Combat
 + Level 6.2 Spellcasting
 + Level 5.5 Transmutations
 + Level 0.4 Evocations


You had 10 spell levels left.
You knew the following spells:

 Your Spells              Type           Power      Damage    Failure   Level
a - Beastly Appendage     Tmut           38%        N/A       1%          1
b - Ice Form              Ice/Tmut       12%        N/A       43%         4
c - Wereblood             Tmut           19%        N/A       2%          2
d - Spider Form           Tmut/Pois      12%        N/A       14%         3

Your spell library contained the following spells:

 Spells                   Type           Power      Damage    Failure   Level
 Sting                    Tmut/Pois      48%        1d5       4%          1
 Kiss of Death            Conj/Necr      16%        2d6       16%         1
 Poisonous Vapours        Pois/Air       8%         N/A       24%         2
 Confusing Touch          Hex            4%         N/A       43%         3
 Dispel Undead            Necr           4%         3d7       83%         4
 Olgreb's Toxic Radiance  Pois           4%         N/A       83%         4


Dungeon Overview and Level Annotations

Branches:
Dungeon (8/15)             Temple (1/1) D:5           Sewer (visited)
   Lair: D:8-11

Altars:
Ashenzari
Cheibriados
Elyvilon
Fedhas
Hepliaklqana
Makhleb
Okawaru
Qazlal
Ru
Sif Muna
Trog
Uskayaw
Vehumet
Wu Jian
Xom
Yredelemnul
Zin
The Shining One

Shops:
D:5 *


Innate Abilities, Weirdness & Mutations

You can breathe bolts of dispelling energy.
Your rich purple scales are hard. (AC +7)
You cannot fit into any form of body armour.
You are cold-blooded and may be slowed by cold attacks.


Message History

The steam dragon closely misses you. The steam dragon claws you.
The steam dragon bites you! The steam dragon barely misses you.
A warg comes into view.
The steam dragon attacks as you move away!
The steam dragon bites you but does no damage.
The steam dragon misses you.
An orc comes into view. It is wielding a +0 club.
The orc shouts!
The warg howls!
Things that are here:
+0 steam dragon scales; a steam dragon corpse You are too injured to fight recklessly!
You feel yourself speed up.
An orc comes into view. It is wielding a +0 mace.
An orc wizard comes into view. It is wielding a +0 club.
The orc wizard points at you and mumbles some strange words.
The magic dart hits you!
* * * LOW HITPOINT WARNING * * *
The steam dragon barely misses you. The steam dragon closely misses you.
You're too confused to move!
The orc wizard casts a spell at you.
The magic dart hits you but does no damage.
The steam dragon breathes steam at you. The ball of steam hits you. You resist.
* * * LOW HITPOINT WARNING * * *
You hear a shout!
You hear a howl!
You hear a shout!
You're too confused to move!
You feel less confused. The warg misses you.
You barely miss the orc. You tail-slap the orc.
The orc is heavily wounded.
The steam dragon bites you but does no damage.
The steam dragon claws you.
* * * LOW HITPOINT WARNING * * *
The orc hits you with a +0 morningstar.
* * * LOW HITPOINT WARNING * * *
The orc wizard closely misses you. The warg barely misses you.
You punch the warg!
The warg is moderately wounded.
The orc misses you. The warg bites you.
You die...

.....##.# #.<###......
.......####..##......
....................
.......[.........#
..........#.....o###
...........>.......###
................o..#.##.#.
.........#####.ohh........
#.......## ##ยง@D......#
#......## ##o......##
#......# #......##
.......# #o#...## ......##
'.#...# .......# .#.....#
.......# ..#......
.......## .. #...##..
........## #..


You could see 2 wargs, a steam dragon, 2 orc wizards and 3 orcs.

Vanquished Creatures
  Prince Ribbit (D:5)
  A steam dragon (D:8)
  Menkaure (D:4)
  A water moccasin (D:5)
  2 orc warriors (D:7)
  Duvessa (D:4)
  2 ice beasts
  4 ogres
  3 phantoms
  A bullfrog (D:8)
  3 scorpions
  A gnoll sergeant (D:6)
  4 wights (D:7)
  Dowan (D:4)
  2 howler monkeys (D:6)
  An orc priest (D:7)
  A jelly (D:5)
  3 hounds
  A sleepcap (D:6)
  An iguana (D:6)
  An orc wizard (D:5)
  Natasha (twice) (D:2)
  4 gnolls
  11 adders
  2 river rats (Sewer)
  2 shadow imps
  5 white imps (D:7)
  An ufetubus (D:7)
  5 worms
  4 dart slugs
  14 orcs
  16 endoplasms
  A giant cockroach (D:4)
  8 goblins
  6 hobgoblins
  4 jackals (D:4)
  3 quokkas
  9 ball pythons
  5 bats
  5 frilled lizards
  6 kobolds
  9 rats
158 creatures vanquished.

Notes
Turn   | Place    | Note
-------+----------+-------------------------------------------
     0 | D:1      | dergon the Draconian Transmuter began the quest for the
                  | Orb.
     0 | D:1      | Reached XP level 1. HP: 16/16 MP: 3/3
   301 | D:1      | Reached XP level 2. HP: 19/23 MP: 1/5
  1336 | D:2      | Reached XP level 3. HP: 28/28 MP: 4/6
  1887 | D:2      | Noticed Natasha
  1895 | D:2      | Killed Natasha
  1896 | D:2      | Reached XP level 4. HP: 26/35 MP: 5/7
  2026 | D:2      | Noticed Natasha
  2040 | D:2      | Killed Natasha
  2041 | D:2      | Reached skill level 4 in Unarmed Combat
  2342 | D:3      | Found a glowing drain.
  2351 | Sewer    | Entered a sewer
  2479 | Sewer    | Reached XP level 5. HP: 37/40 MP: 8/8
  3234 | D:4      | Noticed Menkaure
  3240 | D:4      | Killed Menkaure
  3241 | D:4      | Reached XP level 6. HP: 24/47 MP: 10/10
  3297 | D:4      | Noticed Duvessa
  3299 | D:4      | Noticed Dowan
  3310 | D:4      | Killed Duvessa
  3311 | D:4      | Reached skill level 5 in Unarmed Combat
  3316 | D:4      | Killed Dowan
  3317 | D:4      | Your scales start taking on a rich purple colour.
  3317 | D:4      | Reached XP level 7. HP: 22/52 MP: 11/13
  3354 | D:4      | Learned a level 4 spell: Ice Form
  3357 | D:4      | Learned a level 2 spell: Wereblood
  3361 | D:4      | Learned a level 3 spell: Spider Form
  3911 | D:5      | Entered Level 5 of the Dungeon
  3960 | D:5      | Found Ekhlael's Neck Hole.
  3963 | D:5      | Noticed Prince Ribbit
  3995 | D:5      | Killed Prince Ribbit
  3996 | D:5      | Reached skill level 6 in Unarmed Combat
  4153 | D:5      | Found the +9 sword of Power {lifebolt}
  4156 | D:5      | Found a glowing golden altar of the Shining One.
  4317 | D:5      | Reached XP level 8. HP: 34/61 MP: 15/15
  4334 | D:5      | Identified the orb of the Untouchables {*Rage, rF+}
  4559 | D:5      | Found a staircase to the Ecumenical Temple.
  4573 | Temple   | Entered the Ecumenical Temple
  4748 | Temple   | Became a worshipper of Uskayaw the Reveller
  4841 | D:5      | Reached * piety under Uskayaw
  4842 | D:5      | Reached skill level 1 in Stealth
  4871 | D:5      | Reached ** piety under Uskayaw
  4872 | D:5      | Reached skill level 5 in Spellcasting
  4890 | D:5      | Reached skill level 7 in Unarmed Combat
  5176 | D:6      | Reached *** piety under Uskayaw
  5184 | D:6      | Reached **** piety under Uskayaw
  5547 | D:6      | Reached skill level 8 in Unarmed Combat
  5554 | D:6      | Reached skill level 5 in Transmutations
  5690 | D:6      | Found a burning altar of Makhleb.
  5701 | D:6      | Found a bloodstained altar of Trog.
  5702 | D:6      | Found a glowing silver altar of Zin.
  5702 | D:6      | Found a snail-covered altar of Cheibriados.
  5702 | D:6      | Found a radiant altar of Vehumet.
  5717 | D:6      | Found a sacrificial altar of Ru.
  5817 | D:7      | Reached XP level 9. HP: 68/68 MP: 17/17
  5829 | D:7      | Reached ***** piety under Uskayaw
  6175 | D:7      | Reached skill level 5 in Dodging
  6220 | D:7      | Found a shimmering altar of Xom.
  6224 | D:7      | Found a shimmering blue altar of Sif Muna.
  6231 | D:7      | Found a stormy altar of Qazlal.
  6231 | D:7      | Found a white marble altar of Elyvilon.
  7999 | D:8      | Reached skill level 9 in Unarmed Combat
  8005 | D:8      | HP: 2/68 [orc/+0 morningstar (4)]
  8006 | D:8      | Slain by a warg

Illustrated notes

Levels and vault maps discovered:
D:1:      lemuel_arrival_funnel, layout_basic
D:2:      layout_loops_corners, minmay_fractal_squares_gapless_5, uniq_natasha
D:3:      minmay_chambers_of_threes, layout_basic, cheibrodos_sewer_entry_bend
D:4:      layout_basic, uniq_duvessa, uniq_menkaure
D:5:      layout_basic, amcnicky_altar_gilded, minmay_temple_entry_overgrown,
          nicolae_shop_sticking_my_neck_out, uniq_prince_ribbit1
D:6:      layout_rooms, minitemple, minmay_misc_feat_nine_boxes
D:7:      layout_rooms, grunt_temple_overflow_open, serial_demonic,
          serial_demonic_c, serial_demonic_c, serial_demonic_c,
          serial_demonic_b, serial_demonic_b
D:8:      layout_cave_pools, grunt_temple_overflow_opulence,
          erik_lair_orcish_takeover
Temple:   nicolae_temple_superstar

Skill      XL: |  1  2  3  4  5  6  7  8  9 |
---------------+----------------------------+-----
Dodging        | 2 3 4 5 |  5.1
Unarmed Combat | 4 5 6 8 9 |  9.0
Transmutations | 3 4 5 |  5.5
Spellcasting   | 3 4 5 6 |  6.2
Fighting       | 2 |  2.8
Stealth        | 1 2 |  2.6
Maces & Flails | |  0.1
Evocations     | |  0.4

Action                     |  1- 3 |  4- 6 |  7- 9 || total
---------------------------+-------+-------+-------++-------
  Melee: Dagger            |     7 |       |       ||     7
         Unarmed           |    72 |   150 |   216 ||   438
         Kick              |    12 |    21 |    43 ||    76
         Whip              |     8 |       |       ||     8
         Headbutt          |     7 |    23 |    26 ||    56
         Punch             |     2 |       |     1 ||     3
         Tailslap          |     9 |    23 |    30 ||    62
   Cast: Beastly Appendage |    28 |    34 |    29 ||    91
         Wereblood         |       |       |     1 ||     1
Ability: End Transformatio |       |       |     1 ||     1
  Evoke: Wand              |       |     2 |       ||     2
    Use: Scroll            |     2 |     4 |     2 ||     8
         Potion            |     1 |     3 |     6 ||    10
   Stab: Paralysed         |       |       |     4 ||     4
 Armour: Skin              |    20 |    41 |    51 ||   112
  Dodge: Dodged            |    35 |   110 |   127 ||   272
